 Dungeon Crawl Stone Soup version 0.20.1-1-g8b1a95d (webtiles) character file.

94 vineage the Slasher (level 4, -2/34 HPs)
             Began as a Demonspawn Gladiator on Aug 26, 2017.
             Killed from afar by an orc wizard (7 damage)
             ... with a magic dart
             ... on level 3 of the Dungeon.
             The game lasted 00:03:46 (2094 turns).

vineage the Slasher (Demonspawn Gladiator)          Turns: 2094, Time: 00:03:47

Health: -2/34      AC:  8    Str: 15      XL:     4   Next: 38%
Magic:  4/4        EV: 10    Int:  8 (10) God:
Gold:   79         SH:  0    Dex: 13 (14) Spells: 3/3 levels left

rFire    + . .     SeeInvis .   a - +0 long sword
rCold    . . .     Gourm    .   (no shield)
rNeg     . . .     Faith    .   h - +0 scale mail
rPois    .         Spirit   .   c - +1 helmet
rElec    .         Reflect  .   (no cloak)
rCorr    .         Harm     .   (no gloves)
MR       .....                  (no boots)
Stlth    ..........             (no amulet)
Regen    0.2/turn               (no ring)
MPRegen  0.1/turn               (no ring)

@: confused
A: claws 1, talons 1, fire resistance 1
a: no special abilities


You were on level 3 of the Dungeon.
You were not hungry.

You visited 1 branch of the dungeon, and saw 3 of its levels.

You collected 79 gold pieces.

Inventory:

Hand Weapons
 a - a +0 long sword (weapon)
Missiles
 d - 3 throwing nets (quivered)
Armour
 b - a +0 leather armour
 c - a +1 helmet (worn)
 h - a +0 scale mail (worn)
Jewellery
 j - a cursed ring of teleportation {unknown}
Scrolls
 e - a scroll of identify {unknown}
Books
 m - a book of Power

   Spells                             Type                      Level
   a - Iskenderun's Battlesphere      Conjuration/Charms           5
   b - Venom Bolt                     Conjuration/Poison           5
   c - Bolt of Magma                  Conjuration/Fire/Earth       5
   d - Iron Shot                      Conjuration/Earth            6
   e - Orb of Destruction             Conjuration                  7
   f - Spellforged Servitor           Conjuration/Summoning        7
Comestibles
 f - 4 bread rations
 n - 2 meat rations


   Skills:
 + Level 2.6 Fighting
 + Level 3.8 Long Blades
 + Level 2.0 Throwing
 + Level 0.6 Armour
 + Level 3.0 Dodging
 + Level 0.4 Stealth


You had 3 spell levels left.
You didn't know any spells.

Dungeon Overview and Level Annotations

Branches:
Dungeon (3/15)

Altars:

Annotations:
D:2 Terence


Innate Abilities, Weirdness & Mutations

You have sharp fingernails.
You have sharp toenails.
Your flesh is heat resistant. (rF+)


Message History

The orc wizard misses you.
You hit the orc wizard but do no damage.
The orc wizard is almost dead.
The orc wizard closely misses you.
You riposte.
You closely miss the orc wizard. Your kick misses the orc wizard.
The orc wizard is almost dead.
You completely miss the orc wizard.
You claw the orc wizard, but do no damage.
The orc wizard is almost dead.
The orc wizard gestures at you while chanting.
You are confused.
You barely miss the orc wizard.
The orc wizard is almost dead.
The orc wizard misses you.
You're too confused to move!
The orc wizard misses you.
You barely miss the orc wizard. Your kick misses the orc wizard.
The orc wizard is almost dead.
The orc wizard casts a spell at you. The magic dart hits you!
You die...

..# ..# ..# ..##
...########
..........########
. ..#######........
... ..#
#...###..#####o....
..#
#..........@ooo....
###
#...#.########l....
#<.>#.# .## #..)#.#
#.....# ##....# ##
##...######
.#######†#......#
†.........#.....#


You could see an orc priest, an orc wizard, 2 orcs and a frilled lizard.

Vanquished Creatures
  3 adders
  3 worms (D:2)
  5 dart slugs
  A leopard gecko (D:3)
  An orc (D:3)
  2 giant cockroaches
  8 hobgoblins
  3 kobolds
  3 quokkas
  7 bats
  7 frilled lizards
  3 goblins
  6 rats
52 creatures vanquished.

Notes
Turn   | Place    | Note
-------+----------+-------------------------------------------
     0 | D:1      | vineage the Demonspawn Gladiator began the quest for the Orb.
     0 | D:1      | Reached XP level 1. HP: 16/16 MP: 1/1
   266 | D:1      | Gained mutation: You have sharp toenails. [demonic ancestry]
   266 | D:1      | Reached XP level 2. HP: 18/22 MP: 2/2
   893 | D:2      | Gained mutation: You have sharp fingernails. [demonic ancestry]
   893 | D:2      | Reached XP level 3. HP: 28/28 MP: 3/3
  1065 | D:2      | Noticed Terence
  1631 | D:2      | Gained mutation: Your flesh is heat resistant. (rF+) [demonic ancestry]
  1631 | D:2      | Reached XP level 4. HP: 34/34 MP: 4/4
  2094 | D:3      | Killed from afar by an orc wizard

Skill      XL: |  1  2 |
---------------+-------+-----
Throwing       | 2 |  2.0
Dodging        | 3 |  3.0
Long Blades    | 3 |  3.8
Fighting       | |  2.6
Armour         | |  0.6
Stealth        | |  0.4

Action                   |  1- 3 |  4- 6 || total
-------------------------+-------+-------++-------
Melee: Long sword        |   112 |    36 ||   148
       Kick              |    27 |     9 ||    36
  Use: Scroll            |     4 |       ||     4
       Potion            |     1 |       ||     1
 Stab: Sleeping          |     1 |       ||     1
  Eat: Chunk             |     2 |     2 ||     4
Armor: Leather armour    |     6 |       ||     6
       Scale mail        |    37 |    14 ||    51
Dodge: Dodged            |    60 |    19 ||    79
       Rpst.: Long sword |    19 |     8 ||    27
